 Dungeon Crawl Stone Soup version 0.27.1-33-g824d729ab1 (webtiles) character file.

Game seed: 2369953188903044130

63 Karpo the Firebug (level 4, 0/33 HPs)
             Began as a Hill Orc Fire Elementalist on Dec 30, 2021.
             Succumbed to an adder's poison
             ... on level 2 of the Dungeon.
             The game lasted 00:07:23 (3149 turns).

Karpo the Firebug (Hill Orc Fire Elementalist)      Turns: 3149, Time: 00:07:23

Health: 0/33       AC:  2    Str:  8 (10) XL:     4   Next: 9%
Magic:  5/7        EV: 12    Int: 14 (16) God:
Gold:   62         SH:  0    Dex: 15 (17) Spells: 3/7 levels left

rFire    . . .     SeeInvis .   f - +0 hand axe
rCold    . . .     Faith    .   (no shield)
rNeg     . . .     Spirit   .   a - +0 robe
rPois    .         Reflect  .   (no helmet)
rElec    .         Harm     .   (no cloak)
rCorr    .         Rampage  .   (no gloves)
Will     .....                  (no boots)
Stlth    ++........             (no amulet)
HPRegen  0.11/turn              i - +6 ring of dexterity
MPRegen  0.10/turn              o - ring of wizardry

@: lethally poisoned (0 -> -3)
A: no striking features
a: no special abilities


You were on level 2 of the Dungeon.
You visited 1 branch of the dungeon, and saw 4 of its levels.

You collected 62 gold pieces.

Inventory:

Hand Weapons
 c - a +0 club
 d - a +0 short sword
 f - a +0 hand axe (weapon)
Armour
 a - a +0 robe (worn)
 h - a +0 pair of gloves
 m - a +0 cloak
Jewellery
 b - a ring of fire
 i - a +6 ring of dexterity (left hand)
 o - a ring of wizardry (right hand)
Scrolls
 e - a scroll of enchant armour {unknown}
 n - 2 scrolls of blinking {unknown}
Potions
 g - a potion of curing {unknown}
 j - a potion of magic
 k - a potion of degeneration
 l - a potion of might {unknown}
 p - a potion of heal wounds {unknown}


   Skills:
 - Level 1.5 Dodging
 - Level 1.5 Stealth
 + Level 2.3 Spellcasting
 + Level 2.2 Conjurations
 + Level 4.0 Fire Magic


You had 3 spell levels left.
You knew the following spells:

 Your Spells              Type           Power      Damage    Failure   Level
a - Foxfire               Conj/Fire      40%        2x1d6     2%          1
b - Conjure Flame         Conj/Fire      10%        6-21      8%          3

Your spell library contained the following spells:

 Spells                   Type           Power      Damage    Failure   Level
 Inner Flame              Hex/Fire       7%         N/A       12%         3
 Sticky Flame             Conj/Fire      10%        2d3       26%         4
 Fireball                 Conj/Fire      5%         3d5       54%         5


Dungeon Overview and Level Annotations

Branches:
Dungeon (4/15)
 Temple: D:4-7

Altars:
Zin

Shops:
D:2 (

Annotations:
D:2 Robin


Message History

The foxfire hits the gnoll.
You kill the gnoll!
Your Fire Magic skill increases to level 4!
You have reached level 4!
Casting: Foxfire (safe; 2% risk of failure)
Confirm with . or Enter, or press ? or * to list all spells.
You conjure some foxfire!
The adder bites you.
* * * LOW HITPOINT WARNING * * *
The endoplasm freezes you.
You are frozen.
* * * LOW HITPOINT WARNING * * *
It was a potion of magic.
Magic courses through your body.
The foxfire hits the adder.
The adder is moderately wounded.
The foxfire hits the endoplasm.
The endoplasm is lightly wounded.
The adder bites you.
* * * LOW HITPOINT WARNING * * *
The endoplasm barely misses you. The adder bites you but does no damage.
Casting: Foxfire (safe; 2% risk of failure)
Confirm with . or Enter, or press ? or * to list all spells.
You conjure some foxfire!
The endoplasm hits you.
* * * LOW HITPOINT WARNING * * *
The adder bites you but does no damage.
The foxfire hits the adder.
The adder is almost dead.
The foxfire hits the endoplasm.
The endoplasm is moderately wounded.
Casting: Foxfire (safe; 2% risk of failure)
Confirm with . or Enter, or press ? or * to list all spells.
You conjure some foxfire!
The adder bites you.
* * * LOW HITPOINT WARNING * * *
You are lethally poisoned!
The adder poisons you! The endoplasm hits you.
* * * LOW HITPOINT WARNING * * *
The adder closely misses you.
It was a potion of degeneration.
There was something very wrong with that liquid.
You feel weakened.
You feel dopey.
You feel clumsy.
You die...

#.####
##############.....
..#......##...####.
........##...# #.
#####......##...##.#.
#..........##...'....
#..........##...####.
####...vS.....##........
.....[.@J..)............
#####..v......###'#.#...
#.........# #.#.#.#.
#.........# .#.# # .#
#.........## .# .#.#
##........... .# ...#
#..))#####.###.. #..#
#..).#####.# #..#
#....##....#


You could see an adder (ally target) and an endoplasm (ally target).

Vanquished Creatures
  A gnoll (D:2)
  3 dart slugs (D:1)
  8 bats (D:1)
  4 endoplasms
  7 goblins
  5 hobgoblins
  2 quokkas (D:1)
  3 ball pythons (D:1)
  2 frilled lizards (D:1)
  6 kobolds
  3 rats (D:1)
44 creatures vanquished.

Vanquished Creatures (others)
  31 foxfires
31 creatures vanquished.

Grand Total: 75 creatures vanquished

Notes
Turn   | Place    | Note
-------+----------+-------------------------------------------
     0 | D:1      | Karpo the Hill Orc Fire Elementalist began the quest for
                  | the Orb.
     0 | D:1      | Reached XP level 1. HP: 14/14 MP: 3/3
   299 | D:1      | Reached XP level 2. HP: 20/20 MP: 4/4
   748 | D:1      | HP: 1/20 [ball python (3)]
  1172 | D:1      | Reached XP level 3. HP: 15/26 MP: 6/6
  1356 | D:1      | Learned a level 3 spell: Conjure Flame
  1380 | D:2      | Found Petz's Weapon Emporium.
  2514 | D:2      | Noticed Robin
  3116 | D:2      | Found a glowing silver altar of Zin.
  3143 | D:2      | Reached skill level 4 in Fire Magic
  3143 | D:2      | Reached XP level 4. HP: 12/33 MP: 3/7
  3148 | D:2      | HP: 1/33 [endoplasm (1)]
  3149 | D:2      | Succumbed to an adder's poison

Illustrated notes

Levels and vault maps discovered:
D:1:      lemuel_arrival_funnel, layout_basic, minmay_tree_intersection,
          minivault_24, st_stairs_11, serial_bayou_pond_d, glass_columns_a
D:2:      layout_basic, serial_shops, shop, basic_altar, nrook_mini_vaults,
          amcnicky_mini_corridor_feature, uniq_robin
D:3:      layout_loops_corners, nicolae_ashenzari_skybound, lemuel_round_altar,
          ebering_ecumenical_altar_rust, uniq_ijyb
D:4:      layout_basic, general_overflow_altar,
          mainiacjoe_overflow_concentric_impassable

Skill      XL: |  1  2  3 |
---------------+----------+-----
Spellcasting   | 2 |  2.3
Conjurations   | 2 |  2.2
Fire Magic     | 4 |  4.0
Dodging        | |  1.5
Stealth        | |  1.5

Action                   |  1- 3 |  4- 6 || total
-------------------------+-------+-------++-------
Melee: Unarmed           |     8 |       ||     8
       Short sword       |    14 |       ||    14
       Hand axe          |   112 |       ||   112
 Cast: Foxfire           |    20 |     3 ||    23
  Use: Scroll            |     1 |       ||     1
       Potion            |       |     2 ||     2
 Stab: Distracted        |     1 |       ||     1
       Sleeping          |     3 |       ||     3
Armor: Robe              |    52 |     2 ||    54
Dodge: Dodged            |   134 |     2 ||   136
